Map: Polka LE

Players

Julik

  • Race: Protoss Protoss
  • League: Platinum
  • Spawn Location: 11:00

IIIIIIIIII

  • Race: Terran Terran
  • Spawn Location: 11:00

qqq - Winner!

  • Race: Zerg Zerg
  • League: Platinum
  • Spawn Location: 5:00

Massa - Winner!

  • Race: Terran Terran
  • League: Platinum
  • Spawn Location: 5:00

VOD

Have the link to the VOD?

Description

Time

  • Played on: Jan. 16, 2021, 6:13 a.m.
  • Length: 4:40
Show
View Real Time Build Order
Export as new Build Order

Julik Protoss 

Build Orders: 1 Gate Expand, Oracle Opening 

Get SALT Encoding   

  12  0:01  Probe  
  13  0:18  Pylon  
  13  0:19  Probe (Chrono Boost)  
  15  0:29  Probe (Chrono Boost)  
  15  0:35  Probe  
  16  0:42  Gateway  
  16  0:47  Probe  
  17  0:50  Assimilator  
  17  1:08  Probe  
  18  1:20  Probe  
  19  1:27  Nexus  
  19  1:32  Probe  
  20  1:38  Cybernetics Core  
  20  1:44  Probe  
  21  1:48  Assimilator  
  21  1:52  Pylon  
  21  2:17  Probe  
  21  2:20  Stalker (Chrono Boost)  
  24  2:29  Probe  
  25  2:39  Probe  
  25  2:41  Probe  
  25  2:42  Stalker  
  29  2:51  Probe  
  29  2:53  Probe  
  31  3:04  Probe  
  31  3:05  Probe  
  33  3:11  Stargate  
  33  3:12  Stalker  
  35  3:14  Pylon  
  35  3:16  Probe  
  36  3:37  Pylon  
  36  3:39  Assimilator  
  36  3:42  Probe x2, Stalker  
  36  3:44  Assimilator  
  36  3:48  Pylon  
  40  3:54  Oracle (Chrono Boost)  
Show
View Real Time Build Order
Export as new Build Order

IIIIIIIIII Terran 

Build Orders:  

Get SALT Encoding   

  12  0:01  SCV  
  13  0:13  SCV  
  14  0:24  Supply Depot  
  14  0:25  SCV  
  15  0:37  Refinery  
  15  0:45  SCV  
  15  0:47  Barracks  
  16  0:57  SCV  
  17  1:10  SCV  
  18  1:22  SCV  
  18  2:04  Barracks  
  18  2:05  Barracks  
  18  2:13  SCV  
  19  2:26  SCV  
  20  2:51  Orbital Command  
  20  2:56  Command Center  
  20  3:13  Barracks Tech Lab  
  20  3:14  Factory  
  20  3:16  Supply Depot  
  20  3:17  Supply Depot  
  20  3:18  Barracks Reactor, SCV  
  21  3:30  SCV  
  21  3:34  Marine  
  23  3:44  SCV  
  24  3:52  Marine  
  25  3:56  SCV  
  25  3:57  Engineering Bay  
  25  4:01  Factory Tech Lab  
  26  4:04  Marine x2  
  26  4:05  Starport  
  28  4:14  Marine  
Show
View Real Time Build Order
Export as new Build Order

qqq Zerg - Winner!

Build Orders: Hatch First 

Get SALT Encoding   

  12  0:02  Drone  
  13  0:10  Drone  
  14  0:17  Overlord  
  14  0:44  Hatchery  
  14  0:48  Drone  
  14  0:53  Drone  
  15  0:57  Drone  
  16  1:26  Extractor, Spawning Pool  
  16  1:31  Drone x3  
  17  1:42  Extractor  
  17  1:52  Drone  
  18  2:06  Drone  
  18  2:07  Drone  
  20  2:15  Queen x2  
  20  2:22  Extractor  
  23  2:24  Overlord  
  23  2:26  Drone x3  
  23  2:28  Zergling x2  
  27  2:36  Zergling x2  
  28  2:43  Overlord  
  28  2:48  Zergling x2  
  28  2:49  Zergling x2  
  30  2:51  Metabolic Boost  
  30  3:01  Zergling x2  
  30  3:02  Zergling x2  
  32  3:10  Zergling x2  
  33  3:14  Baneling Nest  
  33  3:15  Zergling x2  
  33  3:23  Zergling x2  
  33  3:24  Zergling x2  
  35  3:31  Zergling x6  
  35  3:32  Overlord  
  35  3:33  Zergling x4  
  40  3:39  Zergling x4  
  42  3:43  Zergling x2  
  43  3:49  Zergling x2  
  43  4:04  Zergling x2  
  43  4:05  Zergling x6  
  43  4:06  Zergling x8  
  47  4:19  Zergling x2  
  47  4:20  Zergling x2  
  48  4:31  Spore Crawler  
  48  4:33  Spore Crawler  
Show
View Real Time Build Order
Export as new Build Order

Massa Terran - Winner!

Build Orders:  

Get SALT Encoding   

  12  0:00  SCV  
  13  0:12  SCV  
  14  0:22  Supply Depot  
  14  0:24  SCV  
  15  0:44  Refinery, SCV  
  15  0:46  Barracks  
  16  0:56  SCV  
  17  1:08  SCV  
  18  1:20  SCV  
  19  1:32  SCV  
  20  1:41  Barracks Reactor  
  20  1:43  Supply Depot  
  20  1:45  Orbital Command  
  20  1:56  Command Center  
  20  2:10  Factory  
  20  2:12  SCV  
  21  2:18  Marine x2  
  23  2:25  SCV  
  24  2:30  Supply Depot  
  24  2:36  Marine x2  
  26  2:53  Marine x2  
  26  2:55  Starport  
  26  2:58  SCV  
  29  3:16  Hellion x2  
  33  3:25  Barracks Tech Lab  
  33  3:28  Orbital Command  
  33  3:29  SCV  
  38  3:41  Hellion x2  
  38  3:42  SCV  
  39  3:50  Barracks Tech Lab  
  39  3:51  Banshee  
  39  3:54  SCV  
  41  4:35  Engineering Bay  
Tags
 
Add a new tag
Caveats
  • Supply blocks, unpowered buildings, or Contaminate may cause inaccurate times.
  • Supply counts are checked every 10 seconds.